 Dungeon Crawl Stone Soup version 0.30.1-3-gfc49f6343a (webtiles) character file.

Game seed: 13728361497724586963

81848 Cassiopeia the Impaler (level 15, 0/127 HPs)
             Began as a Merfolk Gladiator on July 26, 2023.
             Was an Initiate of Gozag.
             Killed by the raging water
             ... invoked by a water nymph
              (24 damage)
             ... on level 1 of the Shoals on July 27, 2023.
             The game lasted 01:06:23 (27549 turns).

Cassiopeia the Impaler (Merfolk Gladiator)         Turns: 27549, Time: 01:06:23

Health: 0/127      AC: 27    Str: 21    XL:     15   Next: 71%
Magic:  15/15      EV: 27    Int:  8    God:    Gozag
Gold:   4059       SH:  0    Dex: 19    Spells: 14/14 levels left

rFire   . . .        V - +5 scythe "Finisher" {speed, execute}
rCold   + . .        (shield currently unavailable)
rNeg    + . .        C - +3 ring mail
rPois   .            c - +2 helmet
rElec   +            p - +2 cloak
rCorr   +            E - +1 pair of gloves {Dex+3}
SInv    .            b - melded +0 pair of boots
Will    +....        F - amulet "Vetamok" {Faith rElec rF+ rN+ rCorr}
Stlth   ++           y - ring of the Tortoise {AC+8}
HPRegen 0.41/turn    j - ring of ice
MPRegen 0.14/turn

%: faith
@: mesmerised, very quick
A: nimble swimmer 2, mertail
a: Renounce Religion, Potion Petition, Call Merchant, Bribe Branch


You were on level 1 of the Shoals.
You worshipped Gozag.
Gozag was most pleased with you.
You visited 5 branches of the dungeon, and saw 20 of its levels.
You also visited: Gauntlet.

You collected 6333 gold pieces.
You spent 1145 gold pieces at shops.
You paid 1129 gold pieces to Gozag.

Inventory:

Hand Weapons
 t - the +4 glaive "Tepot" {venom, +Blink rF++ rC- Will+++}
   (You bought it in a shop on level 11 of the Dungeon)

   rF:        It greatly protects you from fire.
   rC:        It makes you vulnerable to cold.
   +Blink:    It lets you blink.
   Will:      It greatly increases your willpower.
 P - a +5 spear
 V - the +5 scythe "Finisher" (weapon) {speed, execute}
   (You acquired it on level 2 of the Orcish Mines)
Missiles
 d - 5 throwing nets
 e - a javelin
 g - 22 boomerangs
 m - 6 silver boomerangs (quivered)
 r - 47 poisoned darts
 L - 6 silver javelins
Armour
 b - a +0 pair of boots (melded)
 c - a +2 helmet (worn)
 p - a +2 cloak (worn)
 C - a +3 ring mail (worn)
 E - a +1 pair of gloves of dexterity (worn)
 H - a scarf of shadows
 N - a +0 ring mail of willpower
Jewellery
 h - an amulet of guardian spirit
 j - a ring of ice (right hand)
 n - an amulet of magic regeneration
 y - the ring of the Tortoise (left hand) {AC+8}
   (You found it on level 5 of the Dungeon)

   [ring of protection]

   AC:        It affects your AC (+8).
 z - a ring of positive energy
 B - a +5 ring of evasion
 F - the amulet "Vetamok" (around neck) {Faith rElec rF+ rN+ rCorr}
   (You found it in a Gauntlet)

   [amulet of faith]

   It allows you to gain divine favour quickly.
   rF:        It protects you from fire.
   rElec:     It insulates you from electricity.
   rN:        It protects you from negative energy.
   rCorr:     It protects you from acid and corrosion.
 J - a ring of poison resistance
 M - a ring of wizardry
 Q - the amulet "Qanaaxui" {RegenMP Drain rF+ Slay+2}
   (You found it in a Gauntlet)

   [amulet of magic regeneration]

   It increases your rate of magic regeneration.
   Slay:      It affects your accuracy & damage with ranged weapons and melee
   (+2).
   rF:        It protects you from fire.
   Drain:     It drains your maximum health when unequipped.
 X - a ring of flight
Wands
 x - a wand of flame (53)
 O - a wand of charming (9)
 U - a wand of mindburst (16)
 W - a wand of iceblast (5)
 Z - a wand of digging (3)
Scrolls
 f - 4 scrolls of teleportation
 k - 2 scrolls of fear
 s - 3 scrolls of immolation
 D - 2 scrolls of blinking
 K - a scroll of magic mapping
 T - 6 scrolls of poison
Potions
 a - 2 potions of brilliance
 i - 9 potions of curing
 l - 3 potions of invisibility
 o - 3 potions of flight
 q - 2 potions of mutation
 u - 4 potions of heal wounds
 v - 2 potions of lignification
 w - a potion of attraction
 A - 3 potions of ambrosia
 G - a potion of cancellation
 I - 2 potions of magic
 S - a potion of resistance
 Y - 2 potions of might
Miscellaneous
 R - a phial of floods


   Skills:
 + Level 14.3 Fighting
 + Level 17.1 Polearms
 - Level 12.7 Throwing
 + Level 8.9 Armour
 - Level 16.4 Dodging


You had 14 spell levels left.
You didn't know any spells.
Your spell library contained the following spells:

 Spells                   Type           Power      Damage    Failure   Level
 Foxfire                  Conj/Fire      0%         2x1d4     54%         1
 Kiss of Death            Conj/Necr      0%         2d5       54%         1
 Sandblast                Erth           0%         2d4       54%         1
 Shock                    Conj/Air       0%         1d3       54%         1
 Summon Small Mammal      Summ           0%         N/A       54%         1
 Ensorcelled Hibernation  Hex/Ice        0%         N/A       69%         2
 Passwall                 Tmut/Erth      0%         N/A       69%         2
 Poisonous Vapours        Pois/Air       0%         N/A       69%         2
 Scorch                   Fire           0%         2d5       69%         2
 Sublimation of Blood     Necr           0%         N/A       69%         2
 Call Canine Familiar     Summ           0%         N/A       89%         3
 Confusing Touch          Hex            0%         N/A       89%         3
 Mephitic Cloud           Conj/Pois/Air  0%         N/A       89%         3
 Summon Guardian Golem    Hex/Summ       0%         N/A       89%         3
 Swiftness                Air            0%         N/A       89%         3
 Tukima's Dance           Hex            0%         N/A       89%         3
 Volatile Blastmotes      Fire/Tloc      0%         2d10      89%         3
 Airstrike                Air            0%         2d(0-16)  100%        4
 Dispel Undead            Necr           0%         3d6       100%        4
 Flame Wave               Conj/Fire      0%         2d4       100%        4
 Fulminant Prism          Conj/Hex       0%         3d5       100%        4
 Iskenderun's Mystic Bla  Conj/Tloc      0%         2d3       100%        4
 Petrify                  Tmut/Erth      0%         N/A       100%        4
 Freezing Cloud           Conj/Ice/Air   0%         6-21      100%        5
 Irradiate                Conj/Tmut      0%         3d11      100%        5
 Lee's Rapid Deconstruct  Erth           0%         3d4*      100%        5
 Summon Cactus Giant      Summ           0%         N/A       100%        6
 Malign Gateway           Summ/Tloc      0%         N/A       100%        7
 Storm Form               Tmut/Air       0%         N/A       100%        7
 Discord                  Hex            0%         N/A       100%        8
 Summon Horrible Things   Summ           0%         N/A       100%        8
 Chain Lightning          Conj/Air       0%         N/A       100%        9
 Fire Storm               Conj/Fire      0%         5d1       100%        9
 Shatter                  Erth           0%         3d5*      100%        9


Dungeon Overview and Level Annotations

Branches:
Dungeon (11/15)            Temple (1/1) D:4            Lair (5/5) D:10
 Shoals (1/4) Lair:2        Snake (0/4) Lair:3        Slime (0/5) Lair:5
    Orc (2/2) D:11            Elf (0/3) Orc:2       Gauntlet (visited)

Altars:
Ashenzari
Cheibriados
Dithmenos
Elyvilon
Fedhas
Gozag
Hepliaklqana
Kikubaaqudgha
Makhleb
Nemelex Xobeh
Okawaru
Qazlal
Ru
Sif Muna
Trog
Uskayaw
Vehumet
Wu Jian
Xom
Yredelemnul
Zin
The Shining One
Jiyva

Shops:
D:2 !   D:3 :   D:5 *   D:6 :   D:9 *   D:11 (   Orc:2 *:!(*   Lair:3 (

Annotations:
D:6 1 runed translucent door, Crazy Yiuf
Lair:2 3 runed translucent doors, suzumiya's ghost, journeyman TrBe
Lair:5 exclusion: obsidian statue


Innate Abilities, Weirdness & Mutations

You are very nimble when in or above water. (Stealth+, EV+, Speed+++)
Your lower body shifts to a powerful aquatic tail in water.


Message History

The merfolk impaler completely misses you.
The merfolk avatar chants a haunting song.
You are mesmerised by the merfolk avatar!
Unknown command.
You cannot move away from the merfolk avatar!
Unknown command.
Unknown command.
You closely miss the merfolk impaler.
The merfolk shouts!
The snapping turtle hisses angrily.
You tail-slap the merfolk impaler.
The merfolk impaler is almost dead.
The pull of its song draws you forwards.
The skyshark hisses menacingly.
The merfolk impaler hits you but does no damage.
You feel much better. The merfolk impaler closely misses you.
The merfolk avatar chants its luring song.
The water nymph points at you and mumbles some strange words.
The water swirls and strikes you!!
The merfolk impaler completely misses you.
Unknown command.
You miss the merfolk impaler. You tail-slap the merfolk impaler.
The merfolk impaler is almost dead.
The pull of its song draws you forwards.
The merfolk avatar chants its luring song.
The merfolk impaler hits you but does no damage.
The water nymph casts a spell at you. The water swirls and strikes you!!
* * * LOW HITPOINT WARNING * * *
You closely miss the water nymph.
You tail-slap the water nymph, but do no damage.
The merfolk impaler closely misses you. The skyshark closely misses you.
The skyshark barely misses you. The skyshark tail-slaps you.
* * * LOW HITPOINT WARNING * * *
The merfolk avatar chants its luring song.
A water elemental comes into view.
The merfolk barely misses you.
The water nymph points at you and mumbles some strange words.
The water swirls and strikes you!!
You die...
Your body crumbles into a pile of gold.

~~~≈~~~...~~~~~~~$~~~
~≈≈≈~~~....$.~~~....#..
≈≈~~~~~.....~~≈~~......
≈~~~~~~...~~~≈~~$..... .
~~~~~?...$.~~~~~~.......
#~~.......$.~t~~..$##..$
~~#........~~.....##....~~....#
~~..~.~$~..$$.~.m......~~......
~~~~#~~.~.m~mm@$~$...#.~~~.....
~~..~$~...$~~l~~..$.##....~~...
≈~~~.#..~.$.~$............~~~~.
≈~~~...E...$$..~....$....~~~.~~
≈~~~~#..?$.##.$....$....~~~~~~~
~~~~~......####..###....~~.~~~~
m/~~#......# ##..# #.##.....~..
...... #...###.##..~..... ..(..
#..........~~.~.##


You could see a merfolk avatar (mesmerising), a merfolk impaler, a skyshark, a
snapping turtle, a merfolk, a water elemental (wandering) and a water nymph.

Vanquished Creatures
  An orc warlord (Orc:2)
  A minotaur (Gauntlet)
  3 dire elephants (Lair:5)
  An ettin (Orc:2)
  A merfolk impaler (Shoals:1)
  A ghost crab (Gauntlet)
  4 boulder beetles
  The ghost of SirLogeyBear the Cleaver, a novice HOBe of Trog (D:6)
  3 two-headed ogres
  2 merfolk aquamancers (Shoals:1)
  An orc high priest (Orc:1)
  A death scarab (Gauntlet)
  5 death yaks
  A spectral dire elephant (Lair:5)
  Nergalle (Lair:3)
  3 skysharks
  2 sea snakes
  A spectral anaconda (Lair:5)
  14 orc knights
  4 harpies (Shoals:1)
  A spectral hydra (Gauntlet)
  4 necromancers (Lair:5)
  3 orc sorcerers (Orc:2)
  2 manticores (Shoals:1)
  21 elephants
  2 cyclopes
  A dire elephant zombie (Lair:5)
  3 water nymphs
  2 merfolk sirens
  12 cane toads
  6 black mambas
  A gargoyle (D:11)
  2 dire elephant skeletons (Lair:5)
  2 kobold demonologists (D:9)
  10 komodo dragons
  A torpor snail (Lair:2)
  A rime drake (Lair:5)
  4 trolls
  2 polar bears
  5 merfolk
  22 blink frogs
  9 saltlings
  3 wind drakes
  2 spectral elephants (Lair:5)
  4 dream sheep (Lair:5)
  A wraith (D:11)
  2 water elementals
  4 wyverns
  41 yaks
  4 basilisks
  A steam dragon (D:7)
  4 vampire mosquitoes
  A death yak simulacrum (Lair:5)
  A spectral cane toad (Lair:5)
  4 nagas (Lair:3)
  5 wargs
  3 swamp worms (Gauntlet)
  2 acid dragons
  15 water moccasins
  26 orc warriors
  2 black bears
  2 ice beasts
  5 elephant zombies (Lair:5)
  10 centaurs
  4 ogres
  14 wolves
  4 elephant skeletons (Lair:5)
  4 phantoms
  3 kobold brigands
  10 bullfrogs
  A gnoll sergeant (D:9)
  2 cane toad simulacra (Lair:5)
  5 scorpions
  8 wights
  3 killer bees (D:11)
  An elephant simulacrum (Lair:5)
  3 howler monkeys
  An electric eel (Lair:3)
  3 jellies
  15 orc priests
  5 hounds
  8 iguanas
  27 orc wizards
  9 gnolls
  7 adders
  A shadow imp (D:5)
  2 white imps
  2 ufetubi
  A worm (D:3)
  3 dart slugs (D:4)
  87 orcs
  6 ball pythons
  2 endoplasms
  2 giant cockroaches
  4 goblins
  4 hobgoblins
  17 kobolds
  4 quokkas
  6 bats
  3 frilled lizards
  4 rats
594 creatures vanquished.

Notes
Turn   | Place    | Note
-------+----------+-------------------------------------------
     0 | D:1      | Cassiopeia the Merfolk Gladiator began the quest for the
                  | Orb.
     0 | D:1      | Reached XP level 1. HP: 16/16 MP: 1/1
   437 | D:1      | Reached XP level 2. HP: 15/23 MP: 2/2
   485 | D:1      | Found a faded altar of an unknown god.
   917 | D:2      | Reached XP level 3. HP: 22/28 MP: 3/3
   946 | D:2      | Found Idolarainu's Distillery.
  1750 | D:3      | Reached XP level 4. HP: 16/35 MP: 4/4
  1890 | D:3      | Reached skill level 5 in Polearms
  2040 | D:3      | Reached skill level 5 in Dodging
  2040 | D:3      | Reached XP level 5. HP: 41/41 MP: 5/5
  2186 | D:3      | Found Hamp's Book Boutique.
  2318 | D:3      | Found an opulent altar of Gozag.
  2318 | D:3      | Found a glowing silver altar of Zin.
  2872 | D:4      | Noticed a phantom
  3000 | D:4      | Found a staircase to the Ecumenical Temple.
  3016 | Temple   | Entered the Ecumenical Temple
  3082 | D:4      | Killed a phantom
  3083 | D:4      | Reached XP level 6. HP: 41/48 MP: 6/6
  3243 | D:3      | Became a worshipper of Gozag Ym Sagoz the Greedy
  3500 | D:4      | Found an ornate altar of the Wu Jian Council.
  3574 | D:4      | Reached skill level 6 in Polearms
  3574 | D:4      | Reached XP level 7. HP: 54/55 MP: 7/7
  3801 | D:5      | Entered Level 5 of the Dungeon
  4015 | D:5      | Found Juicyil's General Store.
  4050 | D:5      | Bought a scroll of identify for 30 gold pieces
  4050 | D:5      | Bought a scroll of identify for 30 gold pieces
  4458 | D:5      | Found the ring of the Tortoise {AC+8}
  4727 | D:5      | Reached skill level 5 in Fighting
  5262 | D:6      | Reached skill level 7 in Polearms
  5262 | D:6      | Reached XP level 8. HP: 62/62 MP: 8/8
  5395 | D:6      | Noticed SirLogeyBear's ghost (novice HOBe)
  5396 | D:6      | Found a transporter.
  5433 | D:6      | Found a transporter.
  5507 | D:6      | Found Tuvvu's Tremendous Tomes.
  5574 | D:6      | Reached skill level 5 in Throwing
  5589 | D:6      | Noticed a troll
  5742 | D:6      | Found a blossoming altar of Fedhas.
  5869 | D:6      | Found a glowing golden altar of the Shining One.
  5870 | D:6      | Found a sacrificial altar of Ru.
  5900 | D:6      | Found a runed translucent door.
  5901 | D:6      | Noticed Crazy Yiuf
  6251 | D:7      | Found a radiant altar of Vehumet.
  6386 | D:7      | Reached skill level 8 in Polearms
  6493 | D:7      | Found a bloodstained altar of Trog.
  6514 | D:7      | Reached XP level 9. HP: 71/71 MP: 9/9
  7305 | D:8      | Reached skill level 9 in Polearms
  8492 | D:9      | Reached skill level 1 in Armour
  9044 | D:9      | Reached XP level 10. HP: 66/80 MP: 10/10
  9186 | D:9      | Found Cos Nopi's Assorted Antiques.
  9730 | D:10     | Entered Level 10 of the Dungeon
  9920 | D:10     | Noticed a kobold demonologist
  9923 | D:10     | Reached skill level 10 in Polearms
  9923 | D:10     | Reached skill level 10 in Dodging
  9925 | D:10     | Noticed a smoke demon
 10010 | D:10     | Noticed a two-headed ogre
 10104 | D:9      | Killed a two-headed ogre
 10325 | D:10     | Noticed a kobold demonologist
 10367 | D:9      | Noticed a rust devil
 10368 | D:9      | Killed a kobold demonologist
 10401 | D:9      | Killed a kobold demonologist
 10613 | D:10     | Found a sparkling altar of Nemelex Xobeh.
 10622 | D:10     | Reached skill level 11 in Polearms
 10664 | D:10     | Reached XP level 11. HP: 53/87 MP: 11/11
 10776 | D:10     | Found an iron altar of Okawaru.
 10896 | D:10     | Found a staircase to the Lair.
 11050 | Lair:1   | Entered Level 1 of the Lair of Beasts
 11161 | Lair:1   | Found a gate leading to a gauntlet.
 11170 | Gauntlet | Entered a Gauntlet
 11170 | Gauntlet | Found a transporter.
 11170 | Gauntlet | Found a transporter.
 11206 | Gauntlet | Found a transporter.
 11207 | Gauntlet | Found a transporter.
 11212 | Gauntlet | Noticed a death scarab
 11215 | Gauntlet | Found a transporter.
 11218 | Gauntlet | Found a transporter.
 11226 | Gauntlet | Found a transporter.
 11226 | Gauntlet | Noticed a fire crab
 11243 | Gauntlet | Noticed a ghost crab
 11247 | Gauntlet | Found a transporter.
 11267 | Gauntlet | Found a transporter.
 11268 | Gauntlet | Found a transporter.
 11276 | Gauntlet | Found a transporter.
 11280 | Gauntlet | Found a transporter.
 11692 | Gauntlet | Killed a death scarab
 11867 | Gauntlet | Noticed a spectral bunyip
 11879 | Gauntlet | Killed a ghost crab
 12008 | Gauntlet | Identified the amulet "Vetamok" {Faith rElec rF+ rN+ rCorr}
 12030 | Gauntlet | Noticed a minotaur
 12046 | Gauntlet | Killed a minotaur
 12158 | Gauntlet | Identified the amulet "Qanaaxui" {RegenMP Drain rF+ Slay+2}
 12159 | Gauntlet | Got the Atlas of Inflammable Fascination
 12159 | Gauntlet | Got Nifap's Catalogue of the Ashen Sixfirhy
 12528 | Lair:1   | Reached skill level 12 in Polearms
 12853 | Lair:1   | Reached skill level 10 in Fighting
 13115 | Lair:1   | Reached XP level 12. HP: 90/97 MP: 12/12
 13307 | Lair:1   | Reached skill level 5 in Armour
 13789 | Lair:2   | Noticed a boulder beetle
 13818 | Lair:2   | Killed a boulder beetle
 13911 | Lair:2   | Reached skill level 13 in Polearms
 14015 | Lair:2   | Found a runed translucent gate.
 14017 | Lair:2   | Found a runed translucent gate.
 14087 | Lair:2   | Reached skill level 10 in Throwing
 14126 | Lair:2   | Found a staircase to the Shoals.
 14179 | Lair:2   | Found a runed translucent gate.
 14186 | Lair:2   | Noticed a 13-headed hydra
 14186 | Lair:2   | Noticed suzumiya's ghost (journeyman TrBe)
 14187 | Lair:2   | Noticed a 12-headed hydra
 14245 | Lair:2   | Found a transporter.
 14249 | Lair:2   | Noticed a boulder beetle
 14251 | Lair:2   | Found a transporter.
 14251 | Lair:2   | Noticed a boulder beetle
 14531 | D:6      | Killed SirLogeyBear's ghost
 14869 | Lair:3   | Noticed Nergalle
 14892 | Lair:3   | Killed Nergalle
 15438 | Lair:3   | Bought a glowing trident for 240 gold pieces
 15693 | Lair:3   | Reached XP level 13. HP: 103/106 MP: 13/13
 16081 | Lair:3   | Found a staircase to the Snake Pit.
 16568 | Lair:4   | Reached skill level 14 in Polearms
 17298 | Lair:5   | Entered Level 5 of the Lair of Beasts
 18114 | Lair:5   | Reached XP level 14. HP: 105/116 MP: 14/14
 18401 | Lair:5   | Reached skill level 15 in Dodging
 18411 | Lair:5   | Reached skill level 15 in Polearms
 18475 | Lair:5   | Found a viscous altar of Jiyva.
 18476 | Lair:5   | Found a staircase to the Slime Pits.
 18842 | Lair:5   | Noticed a dire elephant
 18842 | Lair:5   | Noticed a dire elephant
 18842 | Lair:5   | Noticed a dire elephant
 20119 | Lair:5   | Killed a dire elephant
 20284 | Lair:5   | Killed a dire elephant
 20416 | Lair:5   | Killed a dire elephant
 21059 | Lair:5   | Found a staircase to the Slime Pits.
 21059 | Lair:5   | Found a viscous altar of Jiyva.
 21708 | D:11     | Bought a twisted glaive for 356 gold pieces
 21708 | D:11     | Identified the +4 glaive "Tepot" {venom, +Blink rF++ rC-
                  | Will+++} (You bought it in a shop on level 11 of the
                  | Dungeon)
 21851 | D:11     | Found a staircase to the Orcish Mines.
 22721 | Orc:1    | Entered Level 1 of the Orcish Mines
 23190 | Orc:2    | Entered Level 2 of the Orcish Mines
 23190 | Orc:2    | Found an iron altar of Okawaru.
 23557 | Orc:2    | Reached skill level 16 in Polearms
 23566 | Orc:2    | Reached XP level 15. HP: 101/124 MP: 15/15
 25092 | Orc:2    | Found Rett's Assorted Antiques.
 25100 | Orc:2    | Bought a scroll labelled FECOOT TIPAO for 29 gold pieces
 25100 | Orc:2    | Bought a scroll of identify for 58 gold pieces
 25402 | Orc:2    | Found a staircase to the Elven Halls.
 25574 | Orc:2    | Found Laup's Book Boutique.
 25576 | Orc:2    | Found Veani's Distillery.
 25592 | Orc:2    | Bought a potion of resistance for 160 gold pieces
 25592 | Orc:2    | Bought a potion of cancellation for 128 gold pieces
 25592 | Orc:2    | Bought a potion of might for 64 gold pieces
 25614 | Orc:2    | Found Buhogim's Weapon Emporium.
 25647 | Orc:2    | Found Nephirrufil's Assorted Antiques.
 25647 | Orc:2    | Noticed an orc warlord
 25784 | Orc:2    | Bought a scroll of identify for 50 gold pieces
 25785 | Orc:2    | Acquired the +5 scythe "Finisher" {speed, execute}
 25785 | Orc:2    | Found the +5 scythe "Finisher" {speed, execute}
 25831 | Orc:2    | Killed an orc warlord
 26380 | Shoals:1 | Entered Level 1 of the Shoals
 27494 | Shoals:1 | Reached skill level 17 in Polearms
 27549 | Shoals:1 | Killed from afar by a water nymph

Illustrated notes

Levels and vault maps discovered:
D:1:      elethiomel_arrival_quiet, layout_basic,
          shapermc_ecumenical_altar_pompeii
D:2:      layout_loops_cross, serial_shops, nicolae_shop_trees
D:3:      layout_loops_ring, grunt_temple_overflow_gold_and_silver,
          serial_shops, nicolae_shop_peninsula
D:4:      layout_basic, general_overflow_altar, minmay_temple_entry_wispy
D:5:      layout_loops_corners, kennysheep_cluttered_room,
          nicolae_stop_n_shop_2, grunt_decor_arrowhead
D:6:      layout_loops_ring, gammafunk_temple_overflow_wave, lemuel_round_altar,
          gammafunk_ghost_arena, nicolae_shop_i_like_big_books,
          lightli_corner_chamber, uniq_crazy_yiuf_cottage
D:7:      layout_rooms, mainiacjoe_overflow_six_doors_small, fiery_altar_vehumet
D:8:      layout_basic
D:9:      layout_layer_cave, serial_shops, shop, grunt_ministairs_6
D:10:     layout_rooms, mainiacjoe_overflow_big_doors,
          grunt_lair_entry_orc_guard_hut, enter_bailey_6
D:11:     layout_basic, erik_orc_4
Temple:   nicolae_temple_ecumenical_triangle
Lair:1:   layout_gridlike, gauntlet_entry_generic, serial_bayou_pond_e,
          lemuel_fruit_tree, serial_bayou_shore_b, infiniplex_staircase_pool_2
Lair:2:   gammafunk_boulding_lane, layout_misc_corridors,
          minmay_shoals_entry_lonely_mermaid, gammafunk_ghost_hydra_chop,
          st_stairs_8, grunt_megastairs_5, lemuel_fruit_fields
Lair:3:   layout_cave_pods, minmay_snake_entry_guardpost_small,
          serial_bayou_shore_a, uniq_nergalle
Lair:4:   layout_misc_corridors
Lair:5:   due_jungle_book, layout_cave_pods, slime_entry_1, grunt_megastairs_3
Shoals:1: layout_shoals, nicolae_shoals_water_shrine
Orc:1:    layout_caves
Orc:2:    hellmonk_orc_salted, layout_caves, serial_shops,
          nicolae_shop_competitors_out_of_business, okawaru_metal_pillars_1_2

Skill      XL: |  1  2  3  4  5  6  7  8  9 10 11 12 13 14 15 |
---------------+----------------------------------------------+-----
Fighting       | 3 4 5 6 7 8 10 11 12 13 14 | 14.3
Polearms       | 5 6 7 8 9 11 12 13 14 16 17 | 17.1
Throwing       | 3 4 5 7 8 9 10 11 12 | 12.7
Dodging        | 5 6 8 9 11 12 13 14 16 | 16.4
Armour         | 1 3 4 5 7 8 |  8.9

Action                     |  1- 3 |  4- 6 |  7- 9 | 10-12 | 13-15 || total
---------------------------+-------+-------+-------+-------+-------++-------
  Melee: Trident           |   119 |   180 |   299 |       |       ||   598
         Punch             |     1 |     2 |     5 |       |       ||     8
         Glaive            |       |       |   132 |   641 |  1254 ||  2027
         Tailslap          |       |       |     4 |     3 |     7 ||    14
         Scythe            |       |       |       |       |   153 ||   153
  Throw: Stone             |     1 |       |       |       |       ||     1
         Boomerang         |       |     4 |     1 |       |     3 ||     8
 Invoke: Call Merchant     |       |       |       |     1 |     1 ||     2
    Use: Scroll            |     1 |     3 |     7 |    15 |    10 ||    36
         Potion            |       |       |     1 |       |     2 ||     3
   Stab: Sleeping          |     2 |     2 |     1 |       |       ||     5
         Distracted        |       |     1 |     4 |     5 |    10 ||    20
 Armour: Leather armour    |    21 |    20 |       |       |       ||    41
         Ring mail         |       |    38 |   195 |   344 |   445 ||  1022
  Dodge: Dodged            |    56 |   107 |   305 |   848 |  1459 ||  2775
